 Dungeon Crawl Stone Soup version 0.30-a0-920-g7493c07aab (webtiles) character file.

Game seed: 5413154742742000449

584 cforsyth the Trooper (level 7, -4/55 HPs)
             Began as a Human Fighter on Mar 22, 2023.
             Slain by a steam dragon (6 damage)
             ... on level 6 of the Dungeon.
             The game lasted 00:07:05 (4925 turns).

cforsyth the Trooper (Human Fighter)                Turns: 4925, Time: 00:07:05

Health: -4/55      AC:  9    Str: 24    XL:     7   Next: 64%
Magic:  7/7        EV:  7    Int:  9    God:
Gold:   179        SH:  5    Dex: 12    Spells: 6/6 levels left

rFire   . . .      SeeInvis .    a - +0 flail
rCold   . . .      Faith    .    c - +0 buckler
rNeg    . . .      Spirit   .    i - +0 chain mail
rPois   .          Reflect  .    (no helmet)
rElec   .          Rampage  .    (no cloak)
rCorr   .                        (no gloves)
Will    .....                    (no boots) Stlth
                                 (no amulet)
HPRegen 0.29/turn                m - +6 ring of strength
MPRegen 0.10/turn                (no ring)

@: no status effects
A: no striking features
a: no special abilities


You were on level 6 of the Dungeon.
You visited 1 branch of the dungeon, and saw 6 of its levels.

You collected 179 gold pieces.

Inventory:

Hand Weapons
 a - a +0 flail (weapon)
Missiles
 d - a throwing net (quivered)
Armour
 b - a +0 scale mail
 c - a +0 buckler (worn)
 i - a +0 chain mail (worn)
Jewellery
 m - a +6 ring of strength (left hand)
 u - a +5 ring of evasion
 v - an amulet of guardian spirit
Wands
 r - a wand of charming (5)
Scrolls
 f - 2 scrolls of teleportation {unknown}
 g - a scroll of amnesia {unknown}
 n - a scroll of torment {unknown}
 o - a scroll of magic mapping {unknown}
 q - a scroll of poison {unknown}
 s - a scroll of identify {unknown}
 t - a scroll of enchant armour {unknown}
Potions
 e - a potion of mutation {unknown}
 h - 4 potions of curing
 j - a potion of brilliance {unknown}
 k - a potion of flight {unknown}
 l - a potion of heal wounds
 p - a potion of degeneration {unknown}


   Skills:
 + Level 4.8 Fighting
 + Level 4.3 Maces & Flails
 + Level 4.8 Armour
 + Level 4.8 Shields


You had 6 spell levels left.
You didn't know any spells.
Your spell library contained the following spells:

 Spells                   Type           Power      Damage    Failure   Level
 Blink                    Tloc           0%         N/A       99%         2
 Manifold Assault         Tloc           0%         N/A       100%        4
 Storm Form               Tmut/Air       0%         N/A       100%        7


Dungeon Overview and Level Annotations

Branches:
Dungeon (6/15)
 Temple: D:4-7

Altars:

Annotations:
D:3 3 runed translucent doors, NotreDorf's ghost, weakling MfHW
D:4 Dowan; Duvessa
D:5 Ijyb


Message History

No target in view!
HP restored.
You see here a +0 giant club.
An adder comes into view.
The adder hisses angrily.
The adder moves out of view.
A steam dragon comes into view.
The steam dragon hisses angrily.
The adder bites you but does no damage.
You thump the adder!
You kill the adder!
The steam dragon breathes steam at you. The ball of steam hits you.
Found a twisted diamond ring.
The steam dragon bites you. You block the steam dragon's attack.
You hit the steam dragon but do no damage.
The steam dragon bites you. You block the steam dragon's attack.
You barely miss the steam dragon. The steam dragon breathes steam at you.
The ball of steam misses you. The steam dragon barely misses you.
The steam dragon claws you but does no damage.
The steam dragon bites you but does no damage.
The steam dragon claws you but does no damage.
Unknown command.
You barely miss the steam dragon. The steam dragon breathes steam at you.
The ball of steam hits you! The steam dragon bites you.
You block the steam dragon's attack.
Okay, then.
The steam dragon bites you. You block the steam dragon's attack.
It was a potion of heal wounds.
You feel much better. The steam dragon barely misses you.
You block the steam dragon's attack.
You hit the steam dragon but do no damage.
The steam dragon breathes steam at you. The ball of steam hits you!
The steam dragon breathes steam at you. The ball of steam hits you!!
* * * LOW HITPOINT WARNING * * *
The steam dragon bites you.
You die...

# ########### .#
#.........####.
#.####....##.. .##.#
#)...##.#
....####....##.#
#....##....#..#########
#.#...###..........=.#
#.###.#....#§.@......#
#.###...#..§§§D......+
##....>.#####§.§......#
#.................#....
#.###############.# ###
... .# ### .# .#


You could see a steam dragon (catching breath).

Vanquished Creatures
  An ogre (D:6)
  Blork the orc (D:4)
  A scorpion (D:4)
  2 hounds (D:5)
  A gnoll bouda (D:3)
  An iguana (D:4)
  6 adders
  11 gnolls
  5 worms
  4 dart slugs
  An orc (D:4)
  6 bats
  8 endoplasms
  A giant cockroach (D:4)
  3 goblins
  7 hobgoblins
  7 jackals
  3 quokkas (D:1)
  7 ball pythons
  5 frilled lizards
  6 kobolds
  5 rats
92 creatures vanquished.

Notes
Turn   | Place    | Note
-------+----------+-------------------------------------------
     0 | D:1      | cforsyth the Human Fighter began the quest for the Orb.
     0 | D:1      | Reached XP level 1. HP: 18/18 MP: 1/1
    70 | D:1      | Reached XP level 2. HP: 21/24 MP: 2/2
   307 | D:1      | Found a faded altar of an unknown god.
   509 | D:1      | Reached XP level 3. HP: 26/29 MP: 3/3
  1102 | D:1      | Reached XP level 4. HP: 22/35 MP: 4/4
  1581 | D:2      | Reached XP level 5. HP: 42/42 MP: 5/5
  2003 | D:3      | Found a runed translucent gate.
  2003 | D:3      | Found a runed translucent gate.
  2003 | D:3      | Found a runed translucent gate.
  2391 | D:3      | Noticed NotreDorf's ghost (weakling MfHW)
  2768 | D:4      | Noticed Blork the orc
  2799 | D:5      | Entered Level 5 of the Dungeon
  2799 | D:5      | Noticed Ijyb
  2807 | D:4      | Reached XP level 6. HP: 23/48 MP: 6/6
  2813 | D:4      | Killed Blork the orc
  3332 | D:4      | Noticed Duvessa
  3332 | D:4      | Noticed Dowan
  4085 | D:3      | Reached XP level 7. HP: 52/55 MP: 7/7
  4858 | D:5      | You fall into a shaft and drop 1 floor!
  4911 | D:6      | Noticed a steam dragon
  4924 | D:6      | HP: 2/55 [steam dragon/ball of steam (23)]
  4925 | D:6      | Slain by a steam dragon

Illustrated notes

Levels and vault maps discovered:
D:1:      spicycebolla_green_bress_n_ham, layout_loops_ring,
          dreamdust_ecumenical_altar_hidden_monk_grotto, minmay_pentomino_v4
D:2:      layout_loops_ring
D:3:      layout_loops_ring, gammafunk_ghost_icy
D:4:      layout_loops_ring, uniq_blork_the_orc, uniq_duvessa,
          uniq_crazy_yiuf_cottage
D:5:      layout_rooms, minmay_temple_entry_fiery, uniq_ijyb
D:6:      layout_basic, kennysheep_little_box, lemuel_coloured_pillars_altar,
          uniq_menkaure

Skill      XL: |  1  2  3  4  5  6  7 |
---------------+----------------------+-----
Maces & Flails | 3 4 |  4.3
Fighting       | 4 |  4.8
Armour         | 4 |  4.8
Shields        | 4 |  4.8

Action                     |  1- 3 |  4- 6 |  7- 9 || total
---------------------------+-------+-------+-------++-------
  Melee: Flail             |   104 |   186 |    56 ||   346
    Use: Potion            |       |     2 |     1 ||     3
 Armour: Scale mail        |    64 |       |       ||    64
         Chain mail        |     6 |   144 |    26 ||   176
  Dodge: Dodged            |    48 |   101 |    22 ||   171
  Block: Buckler           |    37 |    58 |    12 ||   107

Table legend: (Time is in decaauts)
 A = Elapsed time spent in this place.
 B = Non-inter-level travel time spent in this place.
 C = Inter-level travel time spent in this place.
 D = Time resting spent in this place.
 E = Time spent auto-exploring this place.
 F = Levels seen in this place.
 G = Mean time per level.
                   A        B        C        D        E       F      G
               +--------+--------+--------+--------+--------+-----+--------+
         Total |   5034 |   4927 |    107 |   1236 |   2570 |   6 |  839.0 |
       Dungeon |   5034 |   4927 |    107 |   1236 |   2570 |   6 |  839.0 |
               +--------+--------+--------+--------+--------+-----+--------+

Top non-repeatable levels by time:
     D:3: 1977 daAuts
     D:1: 1151 daAuts
     D:4: 939 daAuts
     D:2: 773 daAuts
     D:5: 124 daAuts
     D:6: 69 daAuts
